 Dungeon Crawl Stone Soup version 0.21.1-1-g345015f (webtiles) character file.

67 sking99 the Skirmisher (level 4, -1/42 HPs)
             Began as a Naga Fighter on June 24, 2018.
             Slain by an orc
             ... wielding a +0 war axe
              (6 damage)
             ... on level 2 of the Dungeon.
             The game lasted 00:02:23 (1093 turns).

sking99 the Skirmisher (Naga Fighter)               Turns: 1093, Time: 00:02:23

Health: -1/42      AC:  5    Str: 18    XL:     4   Next: 18%
Magic:  4/4        EV:  5    Int:  8    God:
Gold:   82         SH:  9    Dex: 12    Spells: 3/3 levels left

rFire    . . .     SeeInvis +   a - +0 flail
rCold    . . .     Gourm    .   c - +0 shield
rNeg     . . .     Faith    .   b - +0 scale mail
rPois    +         Spirit   .   (no helmet)
rElec    .         Reflect  .   (no cloak)
rCorr    .         Harm     .   (no gloves)
MR       .....                  (no barding)
Stlth    ..........             (no amulet)
HPRegen  0.14/turn              (no ring)
MPRegen  0.09/turn              (no ring)

@: very slow
A: large, see invisible, deformed body, poison resistance, slowness 2, slow
metabolism 1, spit poison 1, AC +1
a: Spit Poison


You were on level 2 of the Dungeon.
You were not hungry.

You visited 1 branch of the dungeon, and saw 2 of its levels.

You collected 82 gold pieces.

Inventory:

Hand Weapons
 a - a +0 flail (weapon)
 e - a +0 whip
Armour
 b - a +0 scale mail (worn)
 c - a +0 shield (worn)
Jewellery
 g - an uncursed ring of fire {unknown}
 j - an uncursed ring of protection from fire {unknown}
Wands
 m - a wand of flame (24)
Scrolls
 i - a scroll of enchant armour {unknown}
 l - 2 scrolls of remove curse {unknown}
Potions
 d - 2 potions of might
 h - a potion of heal wounds {unknown}
 k - a potion of agility {unknown}
 o - a potion of curing {unknown}
Comestibles
 f - a ration


   Skills:
 + Level 3.5 Fighting
 + Level 2.8 Maces & Flails
 + Level 2.9 Armour
 + Level 0.1 Dodging
 + Level 2.8 Shields


You had 3 spell levels left.
You didn't know any spells.

Dungeon Overview and Level Annotations

Branches:
Dungeon (2/15)

Altars:


Innate Abilities, Weirdness & Mutations

You cannot wear boots.
Your serpentine skin is tough. (AC +1)
You have supernaturally acute eyesight. (SInv)
Armour fits poorly on your strangely shaped body.
Your system is resistant to poisons. (rPois)
You cover ground very slowly.
You have a slow metabolism.
You can spit poison.


Message History

The splash of poison hits the orc.
The orc is poisoned.
The orc is lightly wounded.
You feel slightly more hungry. The orc hits you with a war axe.
You block the orc's attack.
You closely miss the orc.
The orc is lightly wounded.
The orc hits you with a war axe! The orc hits you with a war axe.
* * * LOW HITPOINT WARNING * * *
You sock the orc!
You kill the orc!
The orc barely misses you.
You closely miss the orc. The orc closely misses you.
You closely miss the orc.
You have got your breath back.
The orc hits you with a war axe.
* * * LOW HITPOINT WARNING * * *
You hit the orc.
The orc is moderately wounded.
You block the orc's attack. The orc hits you with a war axe.
You die...

# #.#.................#
#. #...............###.#
#.#####............##
#.#
...#...#.....#.#.#####.#
#.#.####...##.........#
#...# ########.#######
##.## ##'## #.## ##...##
#..# # #)@<..# ##.#.##
#.o)...!#
#####....####.........#
............+.........+
######...####.........#
..## ##.......## .##
##.....## .# ##...## .#


You could see an orc.

Vanquished Creatures
  An orc priest (D:2)
  An ooze (D:1)
  A dart slug (D:1)
  2 orcs (D:2)
  A giant cockroach (D:1)
  2 goblins (D:1)
  4 hobgoblins (D:1)
  5 kobolds
  5 bats
  A frilled lizard (D:1)
  6 rats (D:1)
29 creatures vanquished.

Notes
Turn   | Place    | Note
-------+----------+-------------------------------------------
     0 | D:1      | sking99 the Naga Fighter began the quest for the Orb.
     0 | D:1      | Reached XP level 1. HP: 21/21 MP: 1/1
   159 | D:1      | Reached XP level 2. HP: 28/28 MP: 2/2
   312 | D:1      | Reached XP level 3. HP: 30/34 MP: 3/3
  1084 | D:2      | Reached XP level 4. HP: 24/42 MP: 4/4
  1093 | D:2      | Slain by an orc

Action                   |  1- 3 |  4- 6 || total
-------------------------+-------+-------++-------
Melee: Flail             |    88 |     8 ||    96
 Abil: Spit Poison       |     8 |     1 ||     9
  Eat: Chunk             |     1 |       ||     1
Armor: Scale mail        |    34 |     6 ||    40
Dodge: Dodged            |    30 |     4 ||    34
Block: Shield            |    48 |     6 ||    54
